 Dungeon Crawl Stone Soup version 0.16.1-2-g95b8d4c (webtiles) character file.

133 MDvedh the Caller (level 5, -6/28 HPs)
             Began as a Gargoyle Summoner on Mar 24, 2015.
             Mangled by Crazy Yiuf
             ... wielding a +4 quarterstaff of chaos
              (12 damage)
             ... on level 3 of the Dungeon.
             The game lasted 00:05:29 (3339 turns).

MDvedh the Caller (Gargoyle Summoner)               Turns: 3339, Time: 00:05:29

Health: -6/28      AC:  9    Str: 13    XL:     5   Next: 16%
Magic:  9/9        EV: 10    Int: 15    God:
Gold:   87         SH:  0    Dex: 10    Spells: 1 memorised, 7 levels left

rFire  . . .     SeeInvis .     j - +1 short sword (speed)
rCold  . . .     Clarity  .     s - +0 ring mail (curse)
rNeg   + . .     SustAb   .     (no shield)
rPois  ∞         Gourm    .     (no helmet)
rElec  +         Spirit   .     (no cloak)
rCorr  .         Warding  .     (no gloves)
rMut   .         Stasis   .     (no boots)
MR     .....                    (no amulet)
Stlth  +.........               (no ring)
                                (no ring)

@: slowed, very slow, not resistant to hostile enchantments, very unstealthy
A: big wings, hooves 1, blurry vision 1, negative energy resistance 1,
electricity resistance, unbreathing, petrification resistance, rot immunity, AC
+4
a: Fly


You were on level 3 of the Dungeon.
You were not hungry.

You visited 1 branch of the dungeon, and saw 3 of its levels.

You collected 87 gold pieces.

Inventory:

Hand weapons
 j - a +1 short sword of speed (weapon)
 k - a +0 mace
Armour
 a - a +0 robe
 s - a cursed +0 ring mail (worn)
Scrolls
 d - 3 scrolls of remove curse {unknown}
 i - 5 scrolls of identify {unknown}
 n - 3 scrolls of random uselessness {unknown}
Potions
 e - a potion of restore abilities {unknown}
 h - a potion of magic {unknown}
 l - a potion of lignification {unknown}
 o - a potion of mutation
 p - a potion of agility {unknown}
 q - a potion of resistance {unknown}
Books
 b - a book of Callings

   Spells                             Type                      Level
   a - Summon Small Mammal            Summoning                    1
   b - Call Imp                       Summoning                    2
   c - Call Canine Familiar           Summoning                    3
   d - Summon Guardian Golem          Hexes/Summoning              4
   e - Summon Lightning Spire         Summoning/Air                4
   f - Summon Ice Beast               Ice/Summoning                4
Comestibles
 c - 2 bread rations
 f - a slice of pizza
 g - a meat ration
 m - 2 beef jerkies
 r - a chunk of flesh


   Skills:
 + Level 3.5 Maces & Flails
 - Level 2.9 Armour
 - Level 1.5 Dodging
 - Level 2.1 Stealth
 - Level 2.0 Spellcasting
 - Level 3.6 Summonings


You had 7 spell levels left.
You knew the following spells:

 Your Spells              Type           Power        Failure   Level  Hunger
a - Summon Small Mammal   Summ           ##..         12%         1    #......


Dungeon Overview and Level Annotations

Branches:
Dungeon (3/15)

Altars:
Qazlal
Xom
The Shining One

Annotations:
D:3 Crazy Yiuf


Innate Abilities, Weirdness & Mutations

You are resistant to torment.
You are immune to poison.
Your stone body is very resilient (AC +4).
You resist negative energy.
You are resistant to electric shocks.
You can survive without breathing.
You are immune to petrification.
You are immune to rotting.
Your wings are large and strong.
You have large cloven feet.
Scrolls take you a little longer to read.


Message History

Crazy Yiuf is lightly wounded.
You hit Crazy Yiuf but do no damage.
Crazy Yiuf is lightly wounded.
Crazy Yiuf hits you with a quarterstaff of chaos.
You feel yourself slow down.
You hit Crazy Yiuf but do no damage.
Crazy Yiuf is lightly wounded.
Crazy Yiuf hits you with a quarterstaff of chaos!
* * * LOW HITPOINT WARNING * * *
x2 You are too injured to fight recklessly!
You are too injured to fight recklessly!
You are too injured to fight recklessly!
Drink which item? (? for menu, Esc to quit)
Okay, then.
Drink which item? (? for menu, Esc to quit)
It was a potion of mutation.
You feel extremely strange.
Your vision blurs.
Your feet thicken and deform.
Your wings grow larger and stronger.
Crazy Yiuf hits you with a quarterstaff of chaos!
You die...

### # .)# ... ))# #..
)) #.. )# #.. ♣♣) #..
♣g♣ ##### #.. ♣♣@♣
##...## #.. ♣)♣♣
#.....###.. #.#.#
♣♣)♣♣ #......###.
#.#.# ♣)..♣♣ #......#
#. ##.#.# ♣♣...♣
#......###. #.....
#....# #.....###..
#..#.#
#....#####...####.#
#..#.#
#..............##..
#..#.####
###†..##...##....>...


You could see Crazy Yiuf.

Vanquished Creatures
  A gnoll (D:2)
  4 adders
  A giant mite (D:2)
  3 worms
  A giant gecko (D:1)
  An ooze (D:1)
  An orc (D:3)
  A ball python (D:1)
  4 giant cockroaches
  3 goblins
  6 hobgoblins
  7 jackals
  2 quokkas
  5 bats
  3 giant newts
  7 kobolds
  11 rats
61 creatures vanquished.

Vanquished Creatures (collateral kills)
  A worm (D:2)
1 creature vanquished.

Vanquished Creatures (others)
  2 bats (D:2)
  3 rats (D:2)
5 creatures vanquished.

Grand Total: 67 creatures vanquished

Notes
Turn   | Place    | Note
--------------------------------------------------------------
     0 | D:1      | MDvedh, the Gargoyle Summoner, began the quest for the Orb.
     0 | D:1      | Reached XP level 1. HP: 10/10 MP: 3/3
   248 | D:1      | Reached skill level 1 in Armour
   603 | D:1      | Reached XP level 2. HP: 9/15 MP: 4/4
  1441 | D:1      | Reached XP level 3. HP: 11/19 MP: 6/6
  1674 | D:2      | Reached skill level 1 in Maces & Flails
  1955 | D:2      | Reached XP level 4. HP: 24/24 MP: 7/7
  2028 | D:2      | Found a stormy altar of Qazlal.
  3049 | D:3      | Found a glowing golden altar of the Shining One.
  3249 | D:3      | Reached XP level 5. HP: 28/28 MP: 9/9
  3283 | D:3      | Found a shimmering altar of Xom.
  3330 | D:3      | Noticed Crazy Yiuf
  3339 | D:3      | Gained mutation: Scrolls take you a little longer to read. [potion of mutation]
  3339 | D:3      | Gained mutation: You have large cloven feet. [potion of mutation]
  3339 | D:3      | Gained mutation: Your wings are large and strong. [potion of mutation]
  3339 | D:3      | Mangled by Crazy Yiuf

Action                   |  1- 3 |  4- 6 || total
-------------------------+-------+-------++-------
Melee: Unarmed           |    46 |       ||    46
       Short sword       |   126 |   153 ||   279
 Cast: Summon Small Mamm |     2 |     5 ||     7
  Use: Potion            |       |     1 ||     1
 Stab: Sleeping          |     3 |     1 ||     4
  Eat: Chunk             |     3 |     5 ||     8
